AoeStats
← Gregory176144

Arabia

510469691Analyzed
1v1 RM · 9h ago on Oct 1, 2026· 40m 58s· 2 players
Game mode
Random Map
Map size
Tiny (2 player)
Population
200
Speed
Normal
Resources
Standard
Victory
Conquest
Starting age
Dark Age
Ending age
Imperial Age
RankedLock teamsTeams togetherTeam positionsShared explorationLock speedFull tech treeHidden civsTurbo modeCheats
Victory
Defeat
🇦🇷 Franks · Argentina
1365
+21
🇨🇱 Saxons · Chile
1476
-21
Allagí
6:42 Loom
8:52 Feudal Age
19:38 Castle Age
17:32 Double-Bit Axe
18:58 Horse Collar
19:10 Gold Mining
20:01 Man-at-Arms
20:43 Squires
20:57 Forging
28:49 Guard Tower
29:04 Fletching
33:12 Imperial Age
31:54 Gambesons
33:08 Wheelbarrow
32:41 Heavy Plow
33:01 Bow Saw
33:41 Iron Casting
33:06 Bodkin Arrow
33:14 Scale Mail Armor
35:56 Keep
39:06 Chain Mail Armor
39:16 Elite Varangian Guard
40:02 Stone Mining
41:06 Gold Shaft Mining
Gregory176144
8:51 Feudal Age
9:16 Double-Bit Axe
14:15 Wheelbarrow
14:35 Loom
17:28 Castle Age
18:24 Hand Cart
18:20 Bow Saw
20:38 Town Watch
21:47 Stone Mining
22:21 Gold Mining
23:41 Fletching
24:44 Bodkin Arrow
32:36 Imperial Age
31:21 Scale Barding Armor
31:19 Scale Mail Armor
31:31 Forging
31:24 Squires
31:10 Gambesons
32:21 Chain Mail Armor
33:25 Iron Casting
32:38 Arson
33:50 Plate Mail Armor
33:42 Conscription
35:13 Blast Furnace
38:31 Scale Barding Armor
38:04 Elite Throwing Axeman
39:11 Husbandry
38:32 Cavalier
40:15 Chain Barding Armor
39:59 Paladin
41:35 Plate Barding Armor
Connection lost

Rejoining the realm…

Still unreachable

The connection could not be restored.

Session expired

The server has moved on; the page needs a fresh start.